 Dungeon Crawl Stone Soup version 0.29-a0-563-g64e4043184 (webtiles) character file.

Game seed: 7969961286379737484

107 gruber the Chiller (level 4, -1/30 HPs)
             Began as a Demonspawn Ice Elementalist on June 11, 2022.
             Slain by a gnoll
             ... wielding a +0 club
              (4 damage)
             ... on level 3 of the Dungeon.
             The game lasted 00:01:42 (2137 turns).

gruber the Chiller (Demonspawn Ice Elementalist)    Turns: 2137, Time: 00:01:43

Health: -1/30      AC:  2    Str:  8    XL:     4   Next: 57%
Magic:  0/7        EV: 12    Int: 19    God:
Gold:   110        SH:  0    Dex: 13    Spells: 3/7 levels left

rFire   . . .      SeeInvis .   h - staff of cold
rCold   + . .      Faith    .   (no shield)
rNeg    . . .      Spirit   +   a - +0 robe
rPois   .          Reflect  .   (no helmet)
rElec   .          Harm     .   (no cloak)
rCorr   .          Rampage  .   (no gloves)
Will    .....                   (no boots)
Stlth   ++........              l - amulet of guardian spirit
HPRegen 0.10/turn               (no ring)
MPRegen 0.10/turn               (no ring)

@: no status effects
A: powered by death 1, spiny 1, weakness stinger 1
a: no special abilities


You were on level 3 of the Dungeon.
You visited 1 branch of the dungeon, and saw 3 of its levels.

You collected 110 gold pieces.

Inventory:

Armour
 a - a +0 robe (worn)
Magical Staves
 h - a staff of cold (weapon)
Jewellery
 l - an amulet of guardian spirit (around neck)
Scrolls
 c - a scroll of teleportation {unknown}
 d - a scroll of summoning {unknown}
 e - a scroll of vulnerability {unknown}
 f - 2 scrolls of identify {unknown}
 g - 2 scrolls of noise {unknown}
 i - 2 scrolls of fog {unknown}
Potions
 b - a potion of magic
 j - a potion of attraction {unknown}
 k - a potion of flight {unknown}


   Skills:
 - Level 1.7 Dodging
 - Level 1.7 Stealth
 - Level 2.0 Spellcasting
 + Level 5.5 Ice Magic


You had 3 spell levels left.
You knew the following spells:

 Your Spells              Type           Power      Damage    Failure   Level
a - Freeze                Ice            100%       1d11      1%          1
b - Frozen Ramparts       Ice            68%        1d8       5%          3

Your spell library contained the following spells:

 Spells                   Type           Power      Damage    Failure   Level
 Ozocubu's Armour         Ice            34%        N/A       5%          3
 Hailstorm                Conj/Ice       18%        3d6       47%         4


Dungeon Overview and Level Annotations

Branches:
Dungeon (3/15)

Altars:


Innate Abilities, Weirdness & Mutations

You regenerate a little health from kills.
You are partially covered in sharp spines.
You have a small tail.


Message History

The gnoll shouts!
The gnoll moves out of view.
A quokka comes into view.
A quokka is nearby!
A quokka is nearby!
A gnoll comes into view. It is wielding a +0 whip.
A gnoll comes into view. It is wielding a +0 club.
The gnoll shouts!
You feel a surge of power!
You freeze the gnoll.
The gnoll is heavily wounded.
The gnoll hits you with a +0 whip. The quokka is struck by your spines.
The quokka barely misses you.
You hit the quokka.
Your tail-slap misses the quokka.
The quokka is almost dead.
The quokka is struck by your spines.
You kill the quokka!
The gnoll is struck by your spines. The gnoll closely misses you.
You hit the gnoll.
The gnoll is severely wounded.
The gnoll hits you with a +0 whip.
You feel a surge of power!
You freeze the gnoll!
You kill the gnoll!
The gnoll hits you with a +0 whip.
You feel a surge of power!
You freeze the gnoll.
The gnoll is moderately wounded.
The gnoll is struck by your spines. The gnoll hits you with a +0 club.
The gnoll hits you with a +0 whip!
* * * LOW HITPOINT WARNING * * *
Unknown command.
Unknown command.
The gnoll attacks as you move away! The gnoll hits you with a +0 whip!
* * * LOW HITPOINT WARNING * * *
You see here a scroll labelled SUANEOVV ROHIO.
The gnoll attacks as you move away! The gnoll barely misses you.
The gnoll attacks as you move away! The gnoll is struck by your spines.
The gnoll hits you with a +0 club.
* * * LOW HITPOINT WARNING * * *
You aren't carrying any items that you can evoke.
The gnoll attacks as you move away! The gnoll hits you with a +0 club.
You die...

.# #.# #.##### ###
#..... #.. .....
#######.# #..#
........###..## #
........gg....#.# #
###...#@###..##.#.##
#....................
#.##.........?...#.##
##..................#
..........#.#.......#
#..#..)<....)........
. ##..#.#.#.......#.
#).###.#..#.##.#
....# #.#..#......


You could see 2 gnolls.

Vanquished Creatures
  An orc priest (D:2)
  An orc wizard (D:2)
  A gnoll (D:3)
  An adder (D:2)
  3 orcs (D:2)
  2 endoplasms
  A giant cockroach (D:1)
  6 goblins
  4 hobgoblins
  2 quokkas
  6 ball pythons
  A bat (D:2)
  2 frilled lizards (D:1)
  A kobold (D:1)
32 creatures vanquished.

Notes
Turn   | Place    | Note
-------+----------+-------------------------------------------
     0 | D:1      | gruber the Demonspawn Ice Elementalist began the quest for
                  | the Orb.
     0 | D:1      | Reached XP level 1. HP: 13/13 MP: 3/3
    56 | D:1      | Found a faded altar of an unknown god.
   431 | D:1      | Reached skill level 4 in Ice Magic
   507 | D:1      | Gained mutation: You are partially covered in sharp spines.
                  | [demonic ancestry]
   507 | D:1      | Reached XP level 2. HP: 19/19 MP: 3/5
  1408 | D:2      | Gained mutation: You regenerate a little health from kills.
                  | [demonic ancestry]
  1408 | D:2      | Reached XP level 3. HP: 24/24 MP: 4/6
  1508 | D:2      | Reached skill level 5 in Ice Magic
  1512 | D:2      | Learned a level 3 spell: Frozen Ramparts
  1734 | D:2      | Gained mutation: You have a small tail. [demonic ancestry]
  1734 | D:2      | Reached XP level 4. HP: 30/30 MP: 2/7
  2137 | D:3      | Slain by a gnoll

Illustrated notes

Levels and vault maps discovered:
D:1:      psy_arrival_dodecagon, layout_basic,
          chequers_ecumenical_altar_simple_redux
D:2:      layout_loops_ring
D:3:      layout_basic

Skill      XL: |  1  2  3 |
---------------+----------+-----
Ice Magic      | 4 5 |  5.5
Dodging        | |  1.7
Stealth        | |  1.7
Spellcasting   | |  2.0

Action                   |  1- 3 |  4- 6 || total
-------------------------+-------+-------++-------
Melee: Unarmed           |     1 |       ||     1
       Staff             |     1 |     4 ||     5
 Cast: Freeze            |    27 |     8 ||    35
       Frozen Ramparts   |     1 |       ||     1
 Stab: Sleeping          |       |     1 ||     1
Armor: Robe              |     6 |     3 ||     9
Dodge: Dodged            |    13 |     5 ||    18

Table legend: (Time is in decaauts)
 A = Elapsed time spent in this place.
 B = Non-inter-level travel time spent in this place.
 C = Inter-level travel time spent in this place.
 D = Time resting spent in this place.
 E = Time spent auto-exploring this place.
 F = Levels seen in this place.
 G = Mean time per level.
                   A        B        C        D        E       F      G
               +--------+--------+--------+--------+--------+-----+--------+
         Total |   2137 |   2039 |     98 |      0 |   1837 |   3 |  712.3 |
       Dungeon |   2137 |   2039 |     98 |      0 |   1837 |   3 |  712.3 |
               +--------+--------+--------+--------+--------+-----+--------+

Top non-repeatable levels by time:
     D:1: 1288 daAuts
     D:2: 807 daAuts
     D:3: 42 daAuts
